 Dungeon Crawl Stone Soup version 0.31.0-32-g396128a36d (webtiles) character file.

Game seed: 5453962819006446687

3 ChadusMaximus the Caller (level 1, -1/14 HPs)
             Began as a Barachi Summoner on Mar 8, 2024.
             Slain by a quokka (4 damage)
             ... on level 1 of the Dungeon.
             The game lasted 00:00:19 (80 turns).

ChadusMaximus the Caller (Barachi Summoner)           Turns: 80, Time: 00:00:19

Health: -1/14      AC:  2    Str:  9    XL:     1   Next: 50%
Magic:  0/3        EV: 12    Int: 15    God:
Gold:   14         SH:  0    Dex: 12    Spells: 3/4 levels left

rFire   . . .        (no weapon)
rCold   . . .        (no shield)
rNeg    . . .        a - +0 robe
rPois   .            (no helmet)
rElec   .            (no cloak)
rCorr   .            (no gloves)
SInv    .            (no boots)
Will    .....        (no amulet)
Stlth   ++           (no ring)
HPRegen 0.22/turn    (no ring)
MPRegen 0.08/turn

%: no passive effects
@: unable to hop, slow
A: amphibious, slowness 1, strong legs 1, +LOS
a: Hop


You were on level 1 of the Dungeon.
You visited 1 branch of the dungeon, and saw 1 of its levels.

You collected 14 gold pieces.

Inventory:

Armour
 a - a +0 robe (worn)
Potions
 b - a potion of magic


   Skills:
 + Level 0.3 Fighting
 - Level 2.1 Dodging
 - Level 1.7 Stealth
 + Level 2.2 Spellcasting
 * Level 4.9 Summonings


You had 3 spell levels left.
You knew the following spells:

 Your Spells              Type           Power      Damage    Failure   Level
a - Summon Small Mammal   Summ           64%        N/A       2%          1

Your spell library contained the following spells:

 Spells                   Type           Power      Damage    Failure   Level
 Call Imp                 Summ           32%        N/A       4%          2
 Call Canine Familiar     Summ           16%        N/A       9%          3
 Summon Blazeheart Golem  Fire/Summ      9%         N/A       61%         4
 Summon Lightning Spire   Summ/Air       9%         N/A       61%         4


Dungeon Overview and Level Annotations

Branches:
Dungeon (1/15)

Altars:


Innate Abilities, Weirdness & Mutations

You are amphibious.
You cover ground slowly.
You can hop short distances.
You have an extended range of vision and can be seen from far away.


Message History

Your bat barely misses the quokka.
Your quokka barely misses the quokka.
The quokka twitches its whiskers.
The quokka closely misses you.
You miss the quokka.
The quokka is lightly wounded.
Your quokka barely misses the quokka.
The quokka bites you.
Your bat barely misses the quokka.
You hit the quokka but do no damage. Your bat hits the quokka.
Your quokka barely misses the quokka.
The quokka bites you.
* * * LOW HITPOINT WARNING * * *
Your quokka misses the quokka.
Unknown command.
You hit the quokka but do no damage.
The quokka is lightly wounded.
Your bat hits the quokka but does no damage.
The quokka closely misses you.
Your quokka completely misses the quokka.
Unknown command.
Hop to where?
Press: ? - help, Dir - move target Boing!
Your bat closely misses the quokka.
Your bat misses the quokka. The quokka barely misses you.
Your bat closely misses the quokka.
Your quokka closely misses the quokka.
The quokka closely misses you.
Unknown command.
Your bat closely misses the quokka.
Your quokka barely misses the quokka.
A jackal comes into view.
The quokka attacks as it pursues you! The quokka closely misses you.
The quokka barely misses you.
Your bat misses the quokka.
Unknown command.
The jackal barks!
Your bat barely misses the quokka.
Your quokka bites the quokka.
A jackal comes into view. x2
The quokka barely misses you.
Your quokka barely misses the quokka.
Casting: Summon Small Mammal (safe; 2% risk of failure)
Confirm with . or Enter, or press ? or * to list all spells.
The jackal barks! x2
Your quokka disappears in a puff of smoke!
Your bat barely misses the quokka.
The quokka bites you.
You die... ....##. #..#.≈ #####..~ ###.....# #.......# . #.....### ≈hh

####∩###..r..###..h## #
##.....###.§rb......h.
##.#.......♣####@###.###.
.#∩#........♣###.#
.........♣...#†#.#
............♣#...#
.............#..##
............##..#
.....8......##..#
..........#∩#...#
........♣###..†.#


You could see a quokka (ally target), 4 jackals, a friendly quokka (summoned)
and a friendly bat (summoned).

Vanquished Creatures
  A bat (D:1)
1 creature vanquished.

Vanquished Creatures (collateral kills)
  A bat (D:1)
  A giant cockroach (D:1)
2 creatures vanquished.

Grand Total: 3 creatures vanquished

Notes
Turn   | Place    | Note
-------+----------+-------------------------------------------
     0 | D:1      | ChadusMaximus the Barachi Summoner began the quest for the
                  | Orb.
     0 | D:1      | Reached XP level 1. HP: 13/13 MP: 3/3
    80 | D:1      | Slain by a quokka

Illustrated notes

Levels and vault maps discovered:
D:1:      nzn_arrival_settlement, layout_loops_cross, serial_rivers,
          chequers_serial_rivers_micro_e, chequers_serial_rivers_marsh,
          chequers_serial_rivers_small_b, chequers_serial_rivers_marsh,
          chequers_serial_rivers_micro_c, chequers_serial_rivers_small_3,
          serial_shops, nicolae_shop_tiny_real_fake_doors

Action                     || total
---------------------------++-------
  Melee: Unarmed           ||    23
   Cast: Summon Small Mamm ||     6
Ability: Hop               ||     1
 Armour: Robe              ||    19
  Dodge: Dodged            ||    32
